 Dungeon Sprint DCSS version 0.21-a0-270-g8204059 (webtiles) character file.

1332 potatolord6000 the Fighter (level 8, 0/76 HPs)
             Began as a Gnoll Fighter on Sept 13, 2017.
             Was a High Priest of Kikubaaqudgha.
             Succumbed to an orc sorcerer's poison
             ... in the Dungeon (Sprint VII: "The Pits").
             The game lasted 00:04:40 (962 turns).

potatolord6000 the Fighter (Gnoll Fighter)           Turns: 962, Time: 00:04:40

Health: 0/76       AC:  9    Str:  7    XL:     8   Next: 61%
Magic:  22/22      EV:  6    Int:  7    God:    Kikubaaqudgha [*****.]
Gold:   0          SH:  7    Dex:  7    Spells: 13/28 levels left

rFire    . . .     SeeInvis .   d - +0 whip
rCold    . . .     Gourm    .   c - +0 shield
rNeg     . . .     Faith    .   b - +0 scale mail
rPois    .         Spirit   .   (no helmet)
rElec    .         Reflect  .   (no cloak)
rCorr    .         Harm     .   (no gloves)
MR       .....     NoTele   +   (no boots)
Stlth    ..........             (no amulet)
HPRegen  0.22/turn              (no ring)
MPRegen  0.18/turn              (no ring)

@: lethally poisoned (0 -> -8), berserk cooldown, very slightly contaminated,
slowed, invisible (expiring), very slow
A: unchanging attributes, fangs 1, strong nose
a: Receive Corpses, Torment, Renounce Religion


You were in the Dungeon.
You worshipped Kikubaaqudgha.
Kikubaaqudgha was extremely pleased with you.
You were not hungry.

You visited 1 branch

Inventory:

Hand Weapons
 d - a +0 whip (weapon)
Armour
 b - a +0 scale mail (worn)
 c - a +0 shield (worn)
Wands
 n - a wand of flame (37/48)
Scrolls
 l - 3 scrolls of remove curse
 m - 5 scrolls of amnesia
Potions
 a - 5 potions of curing
 g - a potion of heal wounds
 i - 4 potions of magic
 j - 2 potions of berserk rage
 k - a potion of invisibility
Books
 e - Kikubaaqudgha's Compendium of Necromancy
   (Kikubaaqudgha gifted it to you in the Dungeon)

   Spells                             Type                      Level
   a - Animate Skeleton               Necromancy                   1
   b - Corpse Rot                     Necromancy                   2
   c - Sublimation of Blood           Necromancy                   2
   d - Regeneration                   Charms/Necromancy            3
   e - Control Undead                 Necromancy                   4
 h - Kikubaaqudgha's Reference Book on Stolen Souls
   (Kikubaaqudgha gifted it to you in the Dungeon)

   Spells                             Type                      Level
   a - Excruciating Wounds            Charms/Necromancy            5
   b - Bolt of Draining               Conjuration/Necromancy       5
   c - Agony                          Necromancy                   5
   d - Cigotuvi's Embrace             Necromancy                   5
   e - Dispel Undead                  Necromancy                   5
Comestibles
 f - 8 bread rations
 o - 40 fruits
 p - 7 meat rations


   Skills:
 + Level 11.8 Fighting
 + Level 11.3 Maces & Flails
 + Level 11.6 Armour
 - Level 4.0 Shields
 + Level 10.9 Spellcasting
 + Level 9.5 Necromancy


You had 13 spell levels left.
You knew the following spells:

 Your Spells              Type           Power        Failure   Level  Hunger
a - Animate Skeleton      Necr           N/A          9%          1    None
b - Control Undead        Necr           ###.......   63%         4    ####...
c - Excruciating Wounds   Chrm/Necr      ##........   100%        5    ######.
d - Bolt of Draining      Conj/Necr      ##........   100%        5    ######.


Dungeon Overview and Level Annotations

Branches:
Dungeon (1/1)

Altars:
Ashenzari
Cheibriados
Dithmenos
Elyvilon
Fedhas
Gozag
Hepliaklqana
Kikubaaqudgha
Makhleb
Nemelex Xobeh
Okawaru
Qazlal
Ru
Sif Muna
Trog
Uskayaw
Vehumet
Wu Jian
Xom
Yredelemnul
Zin
The Shining One
Beogh
Jiyva
Lugonu


Innate Abilities, Weirdness & Mutations

Your physical attributes are unchanging.
You have very sharp teeth.
Your uncanny sense of smell can sniff out nearby items.


Message History

Unknown command.
You hit the orc sorcerer.
You kill the orc sorcerer!
Kikubaaqudgha accepts your kill.
The red devil disappears in a puff of smoke!
The soul eater disappears in a puff of smoke!
The sixfirhy disappears in a puff of smoke!
Your Maces & Flails skill increases to level 11!
Your Necromancy skill increases to level 9!
The manticore flicks its tail.
You are no longer berserk.
You are exhausted.
You feel yourself slow down.
You feel sick. The manticore bites you!!
* * * LOW HITPOINT WARNING * * *
You block the manticore's attack. x2
Items here: )) [[ † a dagger of venom; a robe; a great mace; a plate armour; an orc corpse Unknown command.
You die...
Kikubaaqudgha rasps: "You have failed me!
Welcome... death!"

#.#..#.)))[##.......#
#'###########.......#
#.......#.. #########
#..#.#..#.# ####
#.##.##.#.#o...#∆∆∆∆
#.......#Z#....#∆
#.##.##§#)o.o..+∆
#..#.#oH#o#o...#∆
#.....)@o.# .o.#∆
########### ###


You could see a manticore and 4 orcs.

Vanquished Creatures
  An orc knight (D)
  An orc sorcerer (D)
  Duvessa (D)
  A floating eye (D)
  An ogre (D)
  Blork the orc (D)
  Dowan (D)
  A worker ant (D)
  An ufetubus (D)
  3 oozes (D)
  A worm (D)
  A kobold (D)
  4 quokkas (D)
18 creatures vanquished.

Vanquished Creatures (collateral kills)
  A spiny frog (D)
  A phantom (D)
  An ogre (D)
  An orc wizard (D)
  An adder (D)
  A white imp (D)
6 creatures vanquished.

Grand Total: 24 creatures vanquished

Notes
Turn   | Place    | Note
-------+----------+-------------------------------------------
     0 | D        | potatolord6000 the Gnoll Fighter began the quest for the Orb.
     0 | D        | Reached XP level 1. HP: 19/19 MP: 1/1
    11 | D        | Noticed a floating eye
    12 | D        | Paralysed by a floating eye for 4 turns
    17 | D        | Paralysed by a floating eye for 3 turns
    20 | D        | Found a bloodstained altar of Trog.
    20 | D        | Found a deep blue altar of Sif Muna.
    20 | D        | Found a viscous altar of Jiyva.
    20 | D        | Found a hazy altar of Hepliaklqana.
    20 | D        | Found an opulent altar of Gozag.
    21 | D        | Found a glowing golden altar of the Shining One.
    21 | D        | Found a glowing silver altar of Zin.
    21 | D        | Found a basalt altar of Yredelemnul.
    21 | D        | Found a shimmering altar of Xom.
    21 | D        | Found an ornate altar of the Wu Jian Council.
    21 | D        | Found a sacrificial altar of Ru.
    21 | D        | Found a stormy altar of Qazlal.
    21 | D        | Found an iron altar of Okawaru.
    21 | D        | Found a sparkling altar of Nemelex Xobeh.
    21 | D        | Found a burning altar of Makhleb.
    21 | D        | Found a blossoming altar of Fedhas.
    21 | D        | Found a white marble altar of Elyvilon.
    21 | D        | Found a shadowy altar of Dithmenos.
    21 | D        | Found a snail-covered altar of Cheibriados.
    23 | D        | Found a radiant altar of Vehumet.
    23 | D        | Found a corrupted altar of Lugonu.
    23 | D        | Found a roughly hewn altar of Beogh.
    24 | D        | Paralysed by a floating eye for 3 turns
    27 | D        | Found an ancient bone altar of Kikubaaqudgha.
    27 | D        | Found a hide-covered altar of Uskayaw.
    27 | D        | Found a shattered altar of Ashenzari.
    32 | D        | Paralysed by a floating eye for 2 turns
    36 | D        | Became a worshipper of Kikubaaqudgha
    37 | D        | Paralysed by a floating eye for 3 turns
    41 | D        | Killed a floating eye
    41 | D        | Reached skill level 5 in Spellcasting
    41 | D        | Reached XP level 2. HP: 31/31 MP: 1/8
    41 | D        | Reached XP level 3. HP: 36/36 MP: 1/9
    41 | D        | Reached XP level 4. HP: 43/43 MP: 1/11
   142 | D        | Reached skill level 1 in Necromancy
   142 | D        | Reached XP level 5. HP: 31/48 MP: 13/13
   153 | D        | Reached * piety under Kikubaaqudgha
   153 | D        | Identified Kikubaaqudgha's Compendium of Necromancy (Kikubaaqudgha gifted it to you in the Dungeon)
   153 | D        | Received a gift from Kikubaaqudgha
   157 | D        | Learned a level 1 spell: Animate Skeleton
   162 | D        | Learned a level 4 spell: Control Undead
   324 | D        | Noticed Dowan
   325 | D        | Noticed Duvessa
   331 | D        | Killed Dowan
   338 | D        | Killed Duvessa
   338 | D        | Reached ** piety under Kikubaaqudgha
   338 | D        | Reached skill level 5 in Necromancy
   338 | D        | Reached XP level 6. HP: 11/57 MP: 13/16
   536 | D        | Reached *** piety under Kikubaaqudgha
   536 | D        | Identified Kikubaaqudgha's Reference Book on Stolen Souls (Kikubaaqudgha gifted it to you in the Dungeon)
   536 | D        | Received a gift from Kikubaaqudgha
   555 | D        | Learned a level 5 spell: Excruciating Wounds
   561 | D        | Learned a level 5 spell: Bolt of Draining
   565 | D        | Noticed a phantom
   580 | D        | Killed a phantom
   594 | D        | Reached **** piety under Kikubaaqudgha
   606 | D        | Noticed a spiny frog
   609 | D        | Killed a spiny frog
   609 | D        | Reached skill level 10 in Fighting
   609 | D        | Reached XP level 7. HP: 37/66 MP: 19/19
   615 | D        | Noticed Blork the orc
   637 | D        | Reached skill level 10 in Armour
   648 | D        | Reached ***** piety under Kikubaaqudgha
   681 | D        | Killed Blork the orc
   681 | D        | Reached skill level 10 in Maces & Flails
   919 | D        | Noticed a manticore
   919 | D        | Noticed an orc knight
   920 | D        | Noticed an orc sorcerer
   943 | D        | Noticed a red devil
   950 | D        | Noticed a soul eater
   951 | D        | Killed an orc knight
   951 | D        | Reached skill level 10 in Spellcasting
   951 | D        | Reached XP level 8. HP: 39/75 MP: 22/22
   957 | D        | Noticed a sixfirhy
   960 | D        | Killed an orc sorcerer
   961 | D        | HP: 2/76 [manticore (19)]
   962 | D        | Succumbed to an orc sorcerer's poison

Vault maps used:
D:        pitsprint

Skill      XL: |  1  2  3  4  5  6  7  8 |
---------------+-------------------------+-----
Fighting       | 7 8 10 11 | 11.8
Maces & Flails | 6 8 9 10 11 | 11.3
Armour         | 6 7 8 9 11 | 11.6
Spellcasting   | 5 7 8 10 | 10.9
Necromancy     | 1 5 6 8 9 |  9.5
Shields        | |  4.0

Action                   |  1- 3 |  4- 6 |  7- 9 || total
-------------------------+-------+-------+-------++-------
Melee: Flail             |     3 |    53 |       ||    56
       Bite              |     1 |     5 |    11 ||    17
       Whip              |       |    25 |    76 ||   101
 Cast: Animate Skeleton  |       |       |     3 ||     3
  Use: Scroll            |     1 |     1 |       ||     2
       Potion            |       |     5 |     5 ||    10
Armor: Scale mail        |       |    33 |    10 ||    43
Dodge: Dodged            |       |    18 |     3 ||    21
Block: Shield            |       |    42 |     6 ||    48

Table legend:
 A = Spawn XP
 B = Non-spawn XP
 C = Spawn XP percentage of total XP
 D = Spawn monster count
 E = Non-spawn monster count
 F = Spawn count percentage of total count
 G = Total turns spent on level
                    A         B        C        D         E        F      G
               +---------+---------+-------+---------+---------+-------+---------
         Total |       0 |    1904 |   0.0 |       0 |      24 |   0.0 |   962
               +---------+---------+-------+---------+---------+-------+---------
             D |       0 |    1904 |   0.0 |       0 |      24 |   0.0 |   962
               +---------+---------+-------+---------+---------+-------+---------
